 Dungeon Crawl Stone Soup version 0.20.0 (webtiles) character file.

12803 edsrzf the Unseen (level 11, -4/81 HPs)
             Began as a Naga Enchanter on May 28, 2017.
             Was a High Priest of Cheibriados.
             Slain by a wight
             ... wielding a cursed +0 halberd
              (10 damage)
             ... on level 11 of the Dungeon.
             The game lasted 00:29:18 (10505 turns).

edsrzf the Unseen (Naga Enchanter)                 Turns: 10505, Time: 00:29:18

Health: -4/81      AC:  9    Str: 25    XL:     11   Next: 99%
Magic:  23/23      EV:  9    Int: 35    God:    Cheibriados [*****.]
Gold:   509        SH:  0    Dex: 25    Spells: 18/27 levels left

rFire    x . .     SeeInvis +   a - +2 rapier (freeze)
rCold    + . .     Gourm    .   (no shield)
rNeg     . . .     Faith    .   u - +2 leather armour {MR+}
rPois    +         Spirit   .   (no helmet)
rElec    .         Reflect  .   (no cloak)
rCorr    .         Harm     .   (no gloves)
MR       ++...                  (no barding)
Stlth    ++++++....             v - amulet of magic regeneration
Regen    0.3/turn               r - ring of ice
MPRegen  0.3/turn               L - ring of wizardry

@: about to teleport, heavily drained, very slow
A: slimy green scales 1, see invisible, clever 1, deformed body, poison
resistance, slowness 2, slow metabolism 1, spit poison 1, evolution 1, AC +3
a: Spit Poison, Bend Time, Temporal Distortion, Slouch, Step From Time, Renounce
Religion


You were on level 11 of the Dungeon.
You worshipped Cheibriados.
Cheibriados was extremely pleased with you.
You were not hungry.

You visited 2 branches of the dungeon, and saw 12 of its levels.

You collected 509 gold pieces.

Inventory:

Hand Weapons
 a - a +2 rapier of freezing (weapon)
 b - a +0 scimitar
 n - a +2 dagger
Missiles
 k - 58 poisoned needles
 m - 5 needles of confusion
 s - 7 needles of sleeping
Armour
 u - a +2 leather armour of magic resistance (worn)
Jewellery
 h - an uncursed amulet of regeneration
 r - a ring of ice (left hand)
 v - an amulet of magic regeneration (around neck)
 L - a ring of wizardry (right hand)
Wands
 A - a wand of digging (12/24)
 B - a wand of iceblast (6/15)
 C - a wand of disintegration (14/24)
 N - a wand of iceblast (11/15)
 P - a wand of paralysis (7/24)
Scrolls
 e - 3 scrolls of enchant weapon
 g - 4 scrolls of magic mapping
 i - 2 scrolls of teleportation {@r3}
 j - 4 scrolls of remove curse {@r2}
 o - 2 scrolls of fog {unknown}
 p - 2 scrolls of enchant armour {unknown}
 t - 3 scrolls of immolation {unknown}
 y - a scroll of torment {unknown}
 D - a scroll of vulnerability {unknown}
 E - a scroll of amnesia {unknown}
 H - a scroll of recharging {unknown}
 I - 7 scrolls of identify {@r1}
 K - a scroll of fear {unknown}
 M - a scroll of random uselessness {unknown}
Potions
 f - 4 potions of curing
 l - a potion of magic
 q - 2 potions of brilliance
 x - 3 potions of might
 G - a potion of mutation {!q}
 Q - a potion of flight
Books
 c - a book of Maledictions
 w - a book of Cantrips
 J - a book of Necromancy
Comestibles
 d - 4 bread rations
 z - 15 fruits
 F - 4 royal jellies
 O - 2 meat rations


   Skills:
 + Level 10.3(8.2) Short Blades
 - Level 1.5(0.0) Dodging
 + Level 15.2(12.8) Stealth
 + Level 8.9(6.8) Spellcasting
 + Level 3.1(1.3) Conjurations
 - Level 10.0(7.8) Hexes


You had 18 spell levels left.
You knew the following spells:

 Your Spells              Type           Power        Failure   Level  Hunger
a - Corona                Hex            ######.      1%          1    None
c - Confuse               Hex            ######..     1%          3    None
h - Ensorcelled Hibernat  Hex/Ice        ######       1%          2    None
z - Dazzling Spray        Conj/Hex       #####.       1%          3    None


Dungeon Overview and Level Annotations

Branches:
Dungeon (11/15)            Temple (1/1) D:6            Lair (0/6) D:11
    Orc (0/2) D:9

Altars:
Ashenzari
Cheibriados
Fedhas
Kikubaaqudgha
Makhleb
Okawaru
Ru
Sif Muna
Uskayaw
Vehumet
Yredelemnul
The Shining One

Shops:
D:7 (

Annotations:
D:11 Harold, Josephine


Innate Abilities, Weirdness & Mutations

You cannot wear boots.
Your serpentine skin is tough. (AC +3)
You have supernaturally acute eyesight. (SInv)
Armour fits poorly on your strangely shaped body.
Your system is resistant to poisons. (rPois)
You cover ground very slowly.
You have a slow metabolism.
You can spit poison.
You are partially covered in slimy green scales. (AC +2)
Your mind is acute. (Int +2)
You evolve.


Message History

Demise's ghost appears confused.
You barely miss Demise's ghost. You hit Demise's ghost.
You freeze Demise's ghost.
Demise's ghost is lightly damaged.
Demise's ghost hits you!
You hit Demise's ghost. You freeze Demise's ghost.
Demise's ghost is lightly damaged.
You hit Demise's ghost but do no damage.
Demise's ghost is lightly damaged.
Casting: Confuse
Confirm with . or Enter, or press ? or * to list all spells.
Okay, then.
Unknown command.
Casting: Confuse
Confirm with . or Enter, or press ? or * to list all spells.
Aiming: Dazzling Spray
Press: ? - help, Shift-Dir - straight line, f/p - Demise's ghost
Aim: Demise's ghost (lightly damaged, confused)
The spray of energy hits Demise's ghost.
Demise's ghost is lightly damaged.
You catch the helpless Demise's ghost completely off-guard!
You skewer Demise's ghost like a kebab!!!
You freeze Demise's ghost.
Demise's ghost is severely damaged.
You strike the helpless Demise's ghost from behind!
You impale Demise's ghost!! You freeze Demise's ghost.
Demise's ghost is almost destroyed.
You hit Demise's ghost. You freeze Demise's ghost.
You destroy Demise's ghost!
Cheibriados thoroughly appreciates the change of pace.
Your Conjurations skill increases to level 3!
Unknown command.
Found 8 stones.
Found 23 stones.
Found a staircase to the Lair.
Found a dagger of draining.
There is a staircase to the Lair here.
HP restored.
x - 3 potions of might (gained 1)
I - 6 scrolls of identify {@r1} (gained 1)
You now have 509 gold pieces (gained 9).
I - 7 scrolls of identify {@r1} (gained 1)
Things that are here:
an enchanted glaive; an animal skin An orc and Harold come into view.
Harold moves out of view.
Found 10 poisoned needles.
An orc comes into view.
The orc shouts!
You puncture the orc! You freeze the orc.
You kill the orc!
Cheibriados thoroughly appreciates the change of pace.
Cheibriados raises the support of your attributes as your movement slows.
The orc throws a tomahawk.
The tomahawk hits you but does no damage.
The orc hits you. The orc hits you but does no damage.
The orc closely misses you.
Things that are here:
a hand axe; a leather armour You puncture the orc!
You freeze the orc.
You kill the orc!
Cheibriados appreciates the change of pace.
Things that are here:
4 tomahawks; a leather armour; an orc corpse
Things that are here:
a hand axe; a leather armour
k - 58 poisoned needles (gained 10)
A wight comes into view.
It is wielding a halberd. 2 wights come into view.
A wight is wielding a trident of freezing.
A wight comes into view. It is wielding an enchanted battleaxe.
Found 28 stones.
The wight closely misses you. The wight hits you but does no damage.
The wight hits you from afar with a trident of freezing.
You feel drained. The wight freezes you. The wight hits you but does no damage.
The wight hits you from afar with a trident of freezing.
You feel drained. The wight freezes you. The wight hits you with a halberd!
You feel drained.
Unknown command.
The wight hits you from afar with a trident of freezing.
You feel drained. The wight hits you but does no damage.
The wight barely misses you.
The wight hits you from afar with a trident of freezing!
The wight freezes you.
The wight hits you from afar with a halberd.
You feel drained.
Okay, then.
Okay, then.
As you read the scroll of teleportation {@r3}, it crumbles to dust.
You feel strangely unstable.
The wight hits you with an enchanted battleaxe!
* * * LOW HITPOINT WARNING * * *
The wight hits you from afar with a trident of freezing!
* * * LOW HITPOINT WARNING * * *
You feel drained.
* * * LOW HITPOINT WARNING * * *
The wight freezes you.
* * * LOW HITPOINT WARNING * * *
The wight hits you from afar with a halberd!
You die...

##.#....8.......8... #.
###.#...#..#.#..#...#.##
...#.######...######.#..
###.#...#..#.#..#...#.##
#.#.................#.#
#.#.................z.#.
.#...............zz....#
#......).........z......
.......#(##...##@#......
......#.#.##.##.#.#..(..
......######+### ## ....
....... .## ##..... ..
#.### # #.


You could see 4 wights.

Vanquished Creatures
  The ghost of Demise the Grappler, a journeyman TrAE of Hepliaklqana (D:11)
  2 two-headed ogres
  A deep elf mage (D:10)
  An ugly thing (D:10)
  The ghost of lunatic the Jinx, a novice DEAM of Hepliaklqana (D:8)
  Grinder (D:6)
  A polar bear (shapeshifter) (D:11)
  2 hippogriffs (D:8)
  A spriggan (D:10)
  A wyvern (D:7)
  Sigmund (D:5)
  A wraith (D:10)
  A human (D:10)
  Eustachio (D:5)
  A steam dragon (D:10)
  Grum (D:11)
  2 hungry ghosts (D:10)
  Menkaure (D:6)
  Edmund (D:5)
  Duvessa (D:6)
  2 ice beasts (D:11)
  2 sky beasts
  2 black bears
  6 orc warriors
  An eye of draining (D:10)
  5 phantoms
  A necrophage (D:7)
  6 ogres
  2 wolves (D:11)
  3 centaurs
  4 bullfrogs
  Dowan (D:6)
  5 scorpions
  14 killer bees
  3 howler monkeys
  14 wights
  5 electric eels (D:6)
  4 crimson imps
  A lava snake (D:9)
  A bullfrog zombie (D:5)
  3 quasits
  3 centaur zombies
  6 hounds
  A bullfrog skeleton (D:11)
  12 orc priests
  6 jellies
  3 orc wizards
  An iguana (D:6)
  3 worker ants
  A hound zombie (D:8)
  2 hound skeletons
  3 worker ant zombies
  4 gnolls (D:10)
  8 adders
  2 adder zombies
  2 adder skeletons
  A worm (D:3)
  5 dart slugs (D:1)
  3 leopard geckos
  31 orcs
  9 giant cockroaches
  9 goblins
  15 hobgoblins
  5 jackals
  2 quokkas
  3 ball pythons
  11 bats
  4 frilled lizards
  11 kobolds
  A leopard gecko zombie (D:8)
  8 rats
283 creatures vanquished.

Vanquished Creatures (collateral kills)
  2 killer bees
2 creatures vanquished.

Vanquished Creatures (others)
  A human (D:10)
  A big kobold (D:10)
  A howler monkey (D:10)
  An orc wizard (D:7)
  3 kobolds (D:10)
7 creatures vanquished.

Grand Total: 292 creatures vanquished

Notes
Turn   | Place    | Note
-------+----------+-------------------------------------------
     0 | D:1      | edsrzf the Naga Enchanter began the quest for the Orb.
     0 | D:1      | Reached XP level 1. HP: 15/15 MP: 3/3
   154 | D:1      | Reached XP level 2. HP: 22/22 MP: 5/5
   517 | D:1      | Learned a level 2 spell: Ensorcelled Hibernation
   774 | D:1      | Reached skill level 2 in Short Blades
   774 | D:1      | Reached XP level 3. HP: 26/28 MP: 3/6
  1483 | D:2      | Reached skill level 5 in Stealth
  1954 | D:2      | Reached XP level 4. HP: 35/36 MP: 2/7
  3293 | D:4      | Noticed a phantom
  3299 | D:4      | Learned a level 3 spell: Confuse
  3361 | D:4      | Reached skill level 3 in Short Blades
  3361 | D:4      | Reached skill level 6 in Stealth
  3361 | D:4      | Reached skill level 4 in Hexes
  3361 | D:4      | Reached XP level 5. HP: 42/42 MP: 1/8
  3698 | D:4      | Identified 4 scrolls of teleportation
  3746 | D:4      | Reached XP level 6. HP: 42/49 MP: 4/9
  3813 | D:4      | Reached skill level 7 in Stealth
  4187 | D:4      | Found a glowing golden altar of the Shining One.
  4230 | D:4      | Killed a phantom
  4230 | D:4      | Reached skill level 4 in Short Blades
  4230 | D:4      | Reached skill level 5 in Hexes
  4230 | D:4      | Reached XP level 7. HP: 34/55 MP: 6/10
  4636 | D:5      | Entered Level 5 of the Dungeon
  4706 | D:5      | Noticed Sigmund
  4832 | D:5      | Noticed Eustachio
  5031 | D:5      | Noticed Edmund
  5061 | D:5      | Killed Edmund
  5061 | D:5      | Reached skill level 8 in Stealth
  5137 | D:5      | Found a shattered altar of Ashenzari.
  5344 | D:5      | Reached skill level 3 in Spellcasting
  5344 | D:5      | Reached XP level 8. HP: 62/62 MP: 12/12
  5361 | D:5      | Identified 3 scrolls of identify
  5361 | D:5      | Identified 2 potions of might
  5362 | D:5      | Identified 3 potions of curing
  5363 | D:5      | Identified a potion of magic
  5364 | D:5      | Identified 2 scrolls of enchant weapon
  5365 | D:5      | Identified 2 scrolls of magic mapping
  5366 | D:5      | Identified 2 scrolls of remove curse
  5426 | D:5      | Killed Sigmund
  5426 | D:5      | Reached skill level 5 in Short Blades
  5426 | D:5      | Reached skill level 6 in Hexes
  5493 | D:5      | Killed Eustachio
  5493 | D:5      | Reached skill level 9 in Stealth
  5509 | D:5      | Identified 2 potions of brilliance
  5585 | D:6      | Found a staircase to the Ecumenical Temple.
  5592 | D:6      | Identified a potion of experience
  5594 | D:6      | Reached skill level 8 in Short Blades
  5594 | D:6      | Reached skill level 12 in Stealth
  5594 | D:6      | Reached skill level 6 in Spellcasting
  5594 | D:6      | Reached skill level 8 in Hexes
  5594 | D:6      | Reached XP level 9. HP: 68/68 MP: 13/19
  5596 | Temple   | Entered the Ecumenical Temple
  5602 | Temple   | Became a worshipper of Cheibriados the Contemplative
  5785 | D:6      | Reached * piety under Cheibriados
  5907 | D:6      | Reached skill level 7 in Spellcasting
  6091 | D:6      | Got a steaming long sword
  6092 | D:6      | Identified the +6 long sword of Cegaoj {speed, *Noise rF+ Int+4} (You found it on level 6 of the Dungeon)
  6117 | D:6      | Noticed Grinder
  6123 | D:6      | Reached skill level 13 in Stealth
  6133 | D:6      | Reached skill level 9 in Hexes
  6133 | D:6      | Reached XP level 10. HP: 75/75 MP: 17/20
  6138 | D:6      | Killed Grinder
  6148 | D:6      | Noticed Menkaure
  6163 | D:6      | Killed Menkaure
  6170 | D:6      | Reached ** piety under Cheibriados
  6177 | D:6      | Identified a potion of invisibility
  6278 | D:6      | Noticed Dowan
  6279 | D:6      | Noticed Duvessa
  6283 | D:6      | Killed Duvessa
  6285 | D:6      | Killed Dowan
  6376 | D:6      | Found an ancient bone altar of Kikubaaqudgha.
  6725 | D:7      | Identified a potion of lignification
  7171 | D:7      | Reached skill level 9 in Short Blades
  7202 | D:7      | Found Iselyr's Antique Weapon Shoppe.
  7212 | D:7      | Reached *** piety under Cheibriados
  7395 | D:7      | Identified 2 potions of berserk rage
  7468 | D:7      | Identified 2 potions of mutation
  7469 | D:7      | Gained mutation: You are partially covered in slimy green scales. (AC +2) [potion of mutation]
  7469 | D:7      | Gained mutation: Your mind is acute. (Int +2) [potion of mutation]
  7469 | D:7      | Gained mutation: You evolve. [potion of mutation]
  7469 | D:7      | Gained mutation: You have a pair of small antennae on your head. [potion of mutation]
  8133 | D:8      | Reached **** piety under Cheibriados
  8264 | D:8      | Reached XP level 11. HP: 65/81 MP: 22/22
  8291 | D:8      | Reached skill level 14 in Stealth
  8351 | D:8      | Noticed lunatic's ghost (novice DEAM)
  8364 | D:8      | Killed lunatic's ghost
  8599 | D:8      | Lost mutation: You have a pair of small antennae on your head. [evolution]
  8722 | D:9      | Found a sacrificial altar of Ru.
  8778 | D:9      | Noticed a two-headed ogre
  8782 | D:9      | Killed a two-headed ogre
  8782 | D:9      | Reached skill level 8 in Spellcasting
  8796 | D:9      | Found a staircase to the Orcish Mines.
  9262 | D:10     | Entered Level 10 of the Dungeon
  9315 | D:10     | Reached ***** piety under Cheibriados
  9652 | D:10     | Noticed a purple ugly thing
  9657 | D:10     | Killed a purple ugly thing
  9676 | D:10     | Noticed a deep elf mage
  9693 | D:10     | Reached skill level 10 in Hexes
  9705 | D:10     | Learned a level 3 spell: Dazzling Spray
  9730 | D:10     | Noticed a two-headed ogre
  9779 | D:10     | Killed a two-headed ogre
  9779 | D:10     | Reached skill level 1 in Conjurations
  9946 | D:10     | Reached skill level 10 in Short Blades
 10154 | D:10     | Killed a deep elf mage
 10154 | D:10     | Reached skill level 2 in Conjurations
 10210 | D:10     | Reached skill level 15 in Stealth
 10241 | D:10     | Found an ancient bone altar of Kikubaaqudgha.
 10319 | D:11     | Noticed Grum
 10328 | D:11     | Noticed Josephine
 10334 | D:11     | Killed Grum
 10340 | D:11     | Noticed Demise's ghost (journeyman TrAE)
 10369 | D:11     | Identified a potion of flight
 10434 | D:11     | Killed Demise's ghost
 10434 | D:11     | Reached skill level 3 in Conjurations
 10440 | D:11     | Found a staircase to the Lair.
 10481 | D:11     | Noticed Harold
 10505 | D:11     | Slain by a wight

Skill      XL: |  1  2  3  4  5  6  7  8  9 10 11 |
---------------+----------------------------------+-----
Short Blades   | 2 3 4 8 9 10 | 10.3
Stealth        | 5 6 7 8 12 13 15 | 15.2
Hexes          | 4 5 8 9 10 | 10.0
Spellcasting   | 3 6 7 8 |  8.9
Conjurations   | 3 |  3.1
Dodging        | |  1.5

Action                   |  1- 3 |  4- 6 |  7- 9 | 10-12 || total
-------------------------+-------+-------+-------+-------++-------
Melee: Dagger            |    98 |   162 |   132 |    10 ||   402
       Rapier            |       |       |       |   336 ||   336
 Cast: Ensorcelled Hiber |    11 |    13 |    27 |    78 ||   129
       Corona            |       |     2 |       |       ||     2
       Confuse           |       |     3 |    15 |    72 ||    90
       Dazzling Spray    |       |       |       |     7 ||     7
 Abil: Spit Poison       |     8 |     5 |     1 |     5 ||    19
  Use: Scroll            |       |     1 |     8 |     9 ||    18
       Potion            |       |       |     1 |     3 ||     4
 Stab: Sleeping          |    15 |    20 |    32 |    64 ||   131
       Confused          |       |     4 |     6 |    21 ||    31
       Invisible         |       |       |       |     4 ||     4
       Distracted        |       |       |       |     2 ||     2
  Eat: Chunk             |     3 |     7 |     3 |     6 ||    19
       Bread ration      |       |       |     1 |       ||     1
       Royal jelly       |       |       |       |     1 ||     1
       Meat ration       |       |       |       |     1 ||     1
Armor: Robe              |    15 |    19 |       |       ||    34
       Leather armour    |       |    27 |    18 |    92 ||   137
       Skin              |       |       |       |    30 ||    30
Dodge: Dodged            |    45 |    63 |    40 |   168 ||   316
